 Dungeon Crawl Stone Soup version 0.31-a0-236-g9a0961fb85 (webtiles) character file.

Game seed: 6719691766892306712

769 qw the Shooter (level 7, -2/43 HPs)
             Began as a Gargoyle Hexslinger on July 10, 2023.
             Was an Initiate of Okawaru.
             Slain by an iguana (3 damage)
             ... on level 5 of the Dungeon.
             The game lasted 00:01:51 (4355 turns).

qw the Shooter (Gargoyle Hexslinger)                Turns: 4355, Time: 00:01:51

Health: -2/43      AC: 15    Str: 12    XL:     7   Next: 82%
Magic:  6/8        EV: 13    Int: 13    God:    Okawaru [......]
Gold:   231        SH:  0    Dex: 14    Spells: 7/8 levels left

rFire   . . .        Y - +1 sling
rCold   . . .        (no shield)
rNeg    + + .        e - +0 ring mail
rPois   inf          h - +0 helmet
rElec   +            i - +0 cloak
rCorr   +            (no gloves)
SInv    .            d - +0 pair of boots
Will    .....        (no amulet)
Stlth   ++           j - ring of resist corrosion
HPRegen 0.27/turn    a - ring of positive energy
MPRegen 0.11/turn

%: no passive effects
@: heroic
A: sickness immunity, AC +4, negative energy resistance 1, electricity
resistance, torment resistance 1, petrification resistance
a: Renounce Religion


You were on level 5 of the Dungeon.
You worshipped Okawaru.
Okawaru was noncommittal.
You visited 2 branches of the dungeon, and saw 6 of its levels.

You collected 231 gold pieces.


Innate Abilities, Weirdness & Mutations

You are immune to sickness and miasma.
Your stone body is resilient. (AC +4)
You are immune to poison.
You resist negative energy. (rN+)
You are resistant to electric shocks. (rElec)
You are resistant to unholy torment.
You are immune to petrification.


   Skills:
 - Level 4.2(9.2) Fighting
 + Level 6.9(11.9) Ranged Weapons
 - Level 2.7(7.7) Armour
 - Level 1.5(6.5) Dodging
 - Level 1.0 Spellcasting
 - Level 2.6 Hexes
 - Level 1.8 Invocations


You had 7 spell levels left.
You knew the following spells:

 Your Spells              Type           Power      Damage    Failure   Level
a - Slow                  Hex            28%        N/A       19%         1

Your spell library contained the following spells:

 Spells                   Type           Power      Damage    Failure   Level
 Inner Flame              Hex/Fire       4%         N/A       67%         3
 Portal Projectile        Hex/Tloc       8%         N/A       67%         3
 Cause Fear               Hex            3%         N/A       88%         4

Inventory:

Hand Weapons
 Y - a +1 sling (weapon)
Armour
 d - a +0 pair of boots (worn)
 e - a +0 ring mail (worn)
 h - a +0 helmet (worn)
 i - a +0 cloak (worn)
Jewellery
 a - a ring of positive energy (right hand)
 b - a ring of protection from fire
 j - a ring of resist corrosion (left hand)
Scrolls
 g - a scroll of identify
Potions
 c - a potion of enlightenment {unknown}
 f - 3 potions of curing
 l - a potion of cancellation

Dungeon Overview and Level Annotations

Branches:
Dungeon (5/15)             Temple (1/1) D:4

Altars:
Ashenzari
Cheibriados
Dithmenos
Elyvilon
Fedhas
Gozag
Hepliaklqana
Kikubaaqudgha
Makhleb
Nemelex Xobeh
Okawaru
Qazlal
Ru
Sif Muna
Trog
Vehumet
Xom
Yredelemnul
Zin
The Shining One

Annotations:
D:3 1 runed translucent door, Crazy Yiuf
D:5 Dowan, Duvessa


Message History

You shoot a sling bullet. The sling bullet hits the orc priest.
You kill the orc priest!
Okawaru accepts your kill.
You can now gain great but temporary skills.
The orc priest hits you but does no damage.
The iguana bites you but does no damage.
The orc priest misses you.
4348 ||| INVOKING Heroism.
You gain the combat prowess of a mighty hero.
You can no longer gain great but temporary skills.
The orc priest hits you with a +0 dagger of venom.
The iguana misses you.
You shoot a sling bullet. The sling bullet hits the orc priest.
The orc priest is moderately wounded.
You shoot a sling bullet.
The sling bullet completely misses the orc priest.
The iguana barely misses you. The orc priest barely misses you.
You shoot a sling bullet.
The sling bullet hits the orc priest but does no damage.
The orc priest is moderately wounded.
The iguana bites you but does no damage.
The orc priest hits you but does no damage.
You shoot a sling bullet.
The sling bullet hits the orc priest but does no damage.
The orc priest is moderately wounded.
The orc priest hits you but does no damage.
The iguana misses you.
You shoot a sling bullet.
The sling bullet barely misses the orc priest.
The iguana barely misses you.
The orc priest hits you but does no damage.
You shoot a sling bullet. The sling bullet hits the orc priest.
The orc priest is heavily wounded.
The iguana bites you.
The orc priest hits you but does no damage.
You shoot a sling bullet. The sling bullet hits the orc priest.
The orc priest is severely wounded.
The orc priest hits you but does no damage.
The iguana bites you.
You die...

#.....#
#.....######
#..........#####
#+####.....#...#
#.....'...#
#.....#...#
#.....#...#
#.....+...#
+@)...#...#
#ol...#####
.......#
....###+##


oo.... ...... ...... ...... You could see an iguana and an orc priest.

Vanquished Creatures
  Grinder (D:3)
  2 phantoms
  5 hounds
  2 jellies
  2 orc priests (D:5)
  2 iguanas
  3 adders
  A white imp (D:5)
  A worm (D:2)
  2 dart slugs
  4 orcs
  9 ball pythons
  8 endoplasms
  3 giant cockroaches
  7 goblins
  9 hobgoblins
  A jackal (D:5)
  13 kobolds
  A quokka (D:2)
  7 bats
  A frilled lizard (D:3)
  2 rats (D:1)
86 creatures vanquished.

Notes
Turn   | Place    | Note
-------+----------+-------------------------------------------
     0 | D:1      | qw the Gargoyle Hexslinger began the quest for the Orb.
     0 | D:1      | Reached XP level 1. HP: 12/12 MP: 2/2
     0 | D:1      | 0 ||| qw: Version: 0.3-a-52-g30416fa
     0 | D:1      | 0 ||| qw: Game counter: 4902
     0 | D:1      | 0 ||| qw: Melee chars always use a shield: true
     0 | D:1      | 0 ||| qw: God list: Okawaru
     0 | D:1      | 0 ||| qw: Allow faded altars: false
     0 | D:1      | 0 ||| qw: Do Orc after clearing Dungeon:15 true
     0 | D:1      | 0 ||| qw: Do second Lair branch before Depths: true
     0 | D:1      | 0 ||| qw: Lair rune preference: random
     0 | D:1      | 0 ||| qw: Goals: Normal
     0 | D:1      | 0 ||| PLANNING D:1-11
   104 | D:1      | Reached XP level 2. HP: 16/16 MP: 3/3
   178 | D:1      | Reached skill level 3 in Ranged Weapons
   268 | D:1      | Reached XP level 3. HP: 20/21 MP: 4/4
   557 | D:1      | 557 ||| UPGRADING to +0 pair of boots.
   562 | D:1      | 562 ||| UPGRADING to +0 ring mail.
   572 | D:1      | 572 ||| DROPPING +0 robe.
   573 | D:1      | 573 ||| UPGRADING to +0 helmet.
   578 | D:1      | 578 ||| READING scroll labelled REVVUD CUKHLEALO.
   579 | D:1      | 579 ||| READING scroll labelled BUS HEHOCW.
   582 | D:1      | 582 ||| DROPPING scroll of poison.
   947 | D:2      | Reached skill level 1 in Armour
  1475 | D:2      | 1475 ||| UPGRADING to +0 cloak.
  1480 | D:2      | 1480 ||| UPGRADING to ring of resist corrosion.
  1481 | D:2      | 1481 ||| READING scroll labelled GECSAD MIREZU.
  1482 | D:2      | 1482 ||| READING 4 scrolls labelled HOELLIMEHE.
  1483 | D:2      | 1483 ||| READING scroll labelled HINUCEUPTE.
  1484 | D:2      | 1484 ||| DRINKING 2 glowing inky potions.
  1485 | D:2      | 1485 ||| READING 3 scrolls of identify.
  1485 | D:2      | 1485 ||| IDENTIFYING lumpy golden potion
  1486 | D:2      | 1486 ||| READING 2 scrolls of identify.
  1486 | D:2      | 1486 ||| IDENTIFYING green potion
  1487 | D:2      | 1487 ||| DROPPING potion of attraction.
  1488 | D:2      | 1488 ||| DROPPING potion of brilliance.
  1520 | D:3      | Noticed Grinder
  1527 | D:3      | Paralysed by Grinder for 2 turns
  1536 | D:3      | 1536 ||| FLEEEEING.
  1537 | D:3      | 1537 ||| FLEEEEING.
  1540 | D:3      | 1540 ||| FLEEEEING.
  1541 | D:3      | 1541 ||| FLEEEEING.
  1546 | D:3      | 1546 ||| FLEEEEING.
  1547 | D:3      | 1547 ||| STAIRDANCE
  1583 | D:3      | Paralysed by Grinder for 5 turns
  1596 | D:3      | Paralysed by Grinder for 5 turns
  1610 | D:3      | Killed Grinder
  1611 | D:3      | Reached skill level 5 in Ranged Weapons
  1611 | D:3      | Reached XP level 4. HP: 12/26 MP: 5/5
  1611 | D:3      | Reached XP level 5. HP: 13/30 MP: 6/6
  1611 | D:3      | Reached XP level 6. HP: 16/35 MP: 7/7
  2188 | D:3      | Found a runed translucent door.
  2189 | D:3      | Noticed Crazy Yiuf
  2374 | D:3      | 2374 ||| DROPPING +6 ring of intelligence.
  2375 | D:3      | 2375 ||| DRINKING 2 amethyst potions.
  2376 | D:3      | 2376 ||| READING 2 scrolls of identify.
  2376 | D:3      | 2376 ||| IDENTIFYING pink potion
  2377 | D:3      | 2377 ||| DROPPING potion of berserk rage.
  2436 | D:4      | 2436 ||| STAIRDANCE
  2440 | D:3      | Reached skill level 3 in Fighting
  2566 | D:4      | Found a staircase to the Ecumenical Temple.
  2567 | D:4      | 2567 ||| PLANNING TEMPLE
  2573 | Temple   | Entered the Ecumenical Temple
  2596 | Temple   | 2596 ||| PLANNING OKAWARU WORSHIP
  2763 | Temple   | Became a worshipper of Warmaster Okawaru
  2764 | Temple   | 2764 ||| PLANNING D:1-11
  3011 | D:4      | Reached skill level 6 in Ranged Weapons
  3212 | D:4      | Reached XP level 7. HP: 25/41 MP: 8/8
  3606 | D:4      | 3606 ||| UPGRADING to ring of positive energy.
  3607 | D:4      | 3607 ||| READING 3 scrolls of identify.
  3607 | D:4      | 3607 ||| IDENTIFYING bubbling red potion
  3608 | D:4      | 3608 ||| READING 2 scrolls of identify.
  3608 | D:4      | 3608 ||| IDENTIFYING blue potion
  3609 | D:4      | 3609 ||| DROPPING potion of invisibility.
  3671 | D:5      | Entered Level 5 of the Dungeon
  3708 | D:5      | Noticed Duvessa
  3708 | D:5      | Noticed Dowan
  3722 | D:5      | HP: 9/41 [adder (3)]
  3723 | D:5      | 3723 ||| READING scroll of teleportation.
  3724 | D:5      | 3724 ||| DRINKING potion of heal wounds.
  3835 | D:5      | Reached * piety under Okawaru
  4034 | D:5      | 4034 ||| INVOKING Heroism.
  4036 | D:5      | Reached skill level 1 in Invocations
  4321 | D:5      | 4321 ||| Stepping ~*~*~tactically~*~*~ (outnumbered).
  4323 | D:5      | 4323 ||| INVOKING Heroism.
  4342 | D:5      | HP: 6/43 [orc priest/divine providence (9)]
  4348 | D:5      | 4348 ||| INVOKING Heroism.
  4348 | D:5      | HP: 4/43 [orc priest/+0 dagger of venom (2)]
  4354 | D:5      | HP: 1/43 [iguana (5)]
  4355 | D:5      | Slain by an iguana

Levels and vault maps discovered:
D:1:      enne_arrival_octagon_isle, layout_rooms, minmay_pentomino_q2
D:2:      layout_loops_corners, serial_forest, infiniplex_forest_straight_3,
          infiniplex_forest_end_2, infiniplex_forest_straight_2,
          infiniplex_forest_clump_medium, infiniplex_forest_corner_1,
          infiniplex_forest_straight_2, infiniplex_forest_diagonal,
          minmay_misc_feat_five, kennysheep_generic_room_2
D:3:      layout_loops_cross, uniq_grinder, uniq_crazy_yiuf_cottage
D:4:      layout_loops_ring, minmay_temple_entry_enclosed_plants,
          minmay_box_of_dots
D:5:      cheibrodos_thug_alley, layout_gridville, ebering_ghost_rock_garden,
          minmay_between, uniq_duvessa
Temple:   nicolae_temple_bog_church

Skill      XL: |  1  2  3  4  5  6  7 |
---------------+----------------------+-----
Ranged Weapons | 3 5 6 |  6.9
Fighting       | 2 3 4 |  4.2
Armour         | 1 2 |  2.7
Invocations    | 1 |  1.8
Dodging        | |  1.5
Spellcasting   | |  1.0
Hexes          | |  2.6

Action                     |  1- 3 |  4- 6 |  7- 9 || total
---------------------------+-------+-------+-------++-------
   Fire: Sling             |   183 |   130 |   158 ||   471
 Invoke: Heroism           |       |       |     3 ||     3
    Use: Scroll            |     7 |     1 |     3 ||    11
         Potion            |     1 |     1 |     1 ||     3
 Armour: Robe              |    11 |       |       ||    11
         Ring mail         |    17 |    49 |    97 ||   163
  Dodge: Dodged            |    50 |    51 |    90 ||   191

Table legend:
 A = Non-vault XP
 B = Vault XP
 C = Vault XP percentage of total XP
 D = Non-vault monster count
 E = Vault monster count
 F = Vault count percentage of total count
                 A         B        C        D         E       F
            +---------+---------+-------+---------+---------+-------
      Total |     620 |     479 |  43.6 |      67 |      19 |  22.1
            +---------+---------+-------+---------+---------+-------
        D:1 |      45 |       1 |   2.2 |      24 |       1 |   4.0
        D:2 |      19 |       2 |   9.5 |      11 |       1 |   8.3
        D:3 |      81 |     254 |  75.8 |      14 |       1 |   6.7
        D:4 |     215 |      10 |   4.4 |       9 |       5 |  35.7
        D:5 |     260 |     212 |  44.9 |       9 |      11 |  55.0
            +---------+---------+-------+---------+---------+-------
